 Dungeon Crawl Stone Soup version 0.29.1-1-gd02db6906a (webtiles) character file.

Game seed: 8176756460625242726

293 mtoz the Digger (level 6, -3/32 HPs)
             Began as a Gargoyle Earth Elementalist on Oct 1, 2022.
             Slain by an ogre
             ... wielding a +0 giant club
              (20 damage)
             ... on level 3 of the Dungeon.
             The game lasted 00:12:58 (4384 turns).

mtoz the Digger (Gargoyle Earth Elementalist)       Turns: 4384, Time: 00:12:59

Health: -3/32      AC:  8    Str: 11    XL:     6   Next: 33%
Magic:  7/10       EV: 12    Int: 18    God:
Gold:   203        SH:  0    Dex: 10    Spells: 4/10 levels left

rFire   . . .      SeeInvis .   (no weapon)
rCold   . . .      Faith    .   (no shield)
rNeg    + . .      Spirit   .   a - +0 robe
rPois   ∞          Reflect  .   b - +0 helmet
rElec   +          Harm     .   c - +0 cloak
rCorr   .          Rampage  .   (no gloves)
Will    .....                   (no boots)
Stlth   ++........              (no amulet)
HPRegen 0.10/turn               (no ring)
MPRegen 0.12/turn               (no ring)

@: no status effects
A: sickness immunity, AC +4, negative energy resistance 1, electricity
resistance, torment resistance 1, petrification resistance
a: no special abilities


You were on level 3 of the Dungeon.
You visited 1 branch of the dungeon, and saw 4 of its levels.

You collected 203 gold pieces.

Inventory:

Missiles
 h - a throwing net
Armour
 a - a +0 robe (worn)
 b - a +0 helmet (worn)
 c - a +0 cloak (worn)
Jewellery
 k - a ring of fire
Scrolls
 e - a scroll of enchant weapon
 g - a scroll of vulnerability
 i - a scroll of silence
 l - 2 scrolls of fog {unknown}
 m - a scroll of noise {unknown}
 n - a scroll of summoning {unknown}
 r - a scroll of teleportation
Potions
 d - a potion of heal wounds {unknown}
 f - a potion of might
 j - 3 potions of lignification
 p - a potion of attraction {unknown}
 q - a potion of flight {unknown}


   Skills:
 + Level 2.4 Dodging
 + Level 3.5 Stealth
 + Level 2.8 Spellcasting
 + Level 2.2 Conjurations
 + Level 2.0 Transmutations
 + Level 4.7 Earth Magic
 - Level 1.2 Evocations


You had 4 spell levels left.
You knew the following spells:

 Your Spells              Type           Power      Damage    Failure   Level
a - Sandblast             Erth           38%        2d10      2%          1
b - Passwall              Tmut/Erth      11%        N/A       6%          2
c - Stone Arrow           Conj/Erth      30%        3d8       12%         3

Your spell library contained the following spells:

 Spells                   Type           Power      Damage    Failure   Level
 Petrify                  Tmut/Erth      14%        N/A       38%         4


Dungeon Overview and Level Annotations

Branches:
Dungeon (4/15)
 Temple: D:4-7

Altars:

Shops:
D:4 *


Innate Abilities, Weirdness & Mutations

You are immune to sickness and miasma.
Your stone body is resilient. (AC +4)
You are immune to poison.
You resist negative energy. (rN+)
You are resistant to electric shocks. (rElec)
You are resistant to unholy torment.
You are immune to petrification.


Message History

There is a stone staircase leading down here.
Aiming: Sandblast (safe; 2% risk of failure)
Press: ? - help, Q - select action, (/) - cycle Shift-Dir - straight line, f - orc
Aim: an orc, wielding a +0 dagger (82% to hit)
The blast of sand hits the orc.
The orc is almost dead.
The orc misses you. The endoplasm barely misses you.
The orc hits you but does no damage. The endoplasm freezes you.
You are frozen.
Aiming: Sandblast (safe; 2% risk of failure)
Press: ? - help, Q - select action, (/) - cycle Shift-Dir - straight line, f/p - orc
Aim: an orc, wielding a +0 dagger (severely wounded, 82% to hit)
The blast of sand hits the orc!
You kill the orc!
The endoplasm freezes you.
You are frozen.
Aiming: Sandblast (safe; 2% risk of failure)
Press: ? - help, Q - select action, (/) - cycle Shift-Dir - straight line, f - endoplasm
Aim: an endoplasm (98% to hit)
The blast of sand hits the endoplasm!
You kill the endoplasm!
You start resting.
Magic restored.
You start resting.
HP restored.
You climb downwards.
The ogre barely misses you.
There is a stone staircase leading up here.
The ogre hits you with a +0 giant club! The orc barely misses you.
You climb upwards.
There is a stone staircase leading down here.
The spell is quite dangerous to miscast (12% risk of failure)!
Continue anyway?
Aiming: Stone Arrow (quite dangerous; 12% risk of failure)
Press: ? - help, Shift-Dir - straight line, f - ogre
Aim: an ogre, wielding a +0 giant club (85% to hit)
The stone arrow hits the ogre!!
The ogre is severely wounded.
The ogre hits you with a +0 giant club!!
Ouch! That really hurt!
You die...

......##..##.....###.##
#....
...####......##..#.#.#
##### ##.#
##..#####...#..#########
...#
#.........###.........#
####
#.########.#.########.#
#.# ##.## #.# #.#
####.#### #.# #.#
#..O....# ###.# #.#
#.@)....# #...# #.#
#o......# #.###
####.#### #.......#
##.##### #.......#
#.......# #......#
#.##.##.# #.......#
#..###.# #.##.##.#
#.......# #..###.#
#.##..#.# #########
#...##.# #.###.#.#
#.#.##.# #.###.#.#
######......#


You could see an ogre and an orc.

Vanquished Creatures
  Eustachio (D:4)
  Robin (D:2)
  5 gnolls
  A dart slug (D:2)
  An orc (D:3)
  6 ball pythons
  4 bats
  14 endoplasms
  3 giant cockroaches
  10 goblins
  13 hobgoblins
  4 jackals (D:2)
  10 kobolds
  3 quokkas
  3 frilled lizards
  5 rats
84 creatures vanquished.

Notes
Turn   | Place    | Note
-------+----------+-------------------------------------------
     0 | D:1      | mtoz the Gargoyle Earth Elementalist began the quest for
                  | the Orb.
     0 | D:1      | Reached XP level 1. HP: 10/10 MP: 3/3
     9 | D:1      | Found a faded altar of an unknown god.
   262 | D:1      | Reached skill level 1 in Transmutations
   262 | D:1      | Reached XP level 2. HP: 15/15 MP: 1/5
   498 | D:1      | Reached XP level 3. HP: 19/19 MP: 4/6
  1200 | D:1      | Reached skill level 4 in Earth Magic
  1443 | D:2      | Reached skill level 1 in Conjurations
  1724 | D:2      | Noticed Robin
  1726 | D:2      | Reached XP level 4. HP: 24/24 MP: 5/7
  1947 | D:2      | Killed Robin
  1953 | D:1      | Learned a level 2 spell: Passwall
  1957 | D:1      | Learned a level 3 spell: Stone Arrow
  2337 | D:2      | Reached skill level 1 in Evocations
  2353 | D:2      | Reached XP level 5. HP: 28/28 MP: 0/8
  3604 | D:4      | Found Jeashiara's Lightly-Used Armoury.
  3736 | D:4      | Noticed Eustachio
  4072 | D:4      | Killed Eustachio
  4073 | D:4      | Reached XP level 6. HP: 32/32 MP: 4/10
  4384 | D:3      | Slain by an ogre

Illustrated notes

Levels and vault maps discovered:
D:1:      nicolae_arrival_washed_ashore, layout_basic,
          ebering_ecumenical_altar_sacrificial, minmay_vboxes
D:2:      layout_loops_corners, nrook_loot_triangle, uniq_robin
D:3:      layout_loops_cross
D:4:      layout_rooms, kiku_gazebo_garden_becter, minmay_shop_damaged,
          nicolae_eternal_life, uniq_eustachio

Skill      XL: |  1  2  3  4  5 |
---------------+----------------+-----
Transmutations | 1 2 |  2.0
Earth Magic    | 4 |  4.7
Conjurations   | 1 2 |  2.2
Dodging        | 2 |  2.4
Evocations     | 1 |  1.2
Stealth        | 3 |  3.5
Spellcasting   | |  2.8

Action                   |  1- 3 |  4- 6 || total
-------------------------+-------+-------++-------
 Cast: Sandblast         |    51 |    80 ||   131
       Stone Arrow       |       |     1 ||     1
  Use: Scroll            |       |     9 ||     9
       Potion            |       |     2 ||     2
Armor: Robe              |     3 |    29 ||    32
Dodge: Dodged            |    10 |    67 ||    77
